 Dungeon Crawl Stone Soup version 0.30.0-30-g96aa6591b8 (webtiles) character file.

Game seed: 3083042733679969954

166244 Woods the Ogre Mage (level 17, -4/167 (172) HPs)
             Began as an Ogre Air Elementalist on June 25, 2023.
             Was a High Priest of Vehumet.
             Slain by a pharaoh ant (19 damage)
             ... on level 3 of the Spider Nest on June 26, 2023.
             The game lasted 02:37:19 (51218 turns).

Woods the Ogre Mage (Ogre Air Elementalist)        Turns: 51218, Time: 02:37:20

HP:   -4/167 (172)  AC:  8    Str: 16      XL:     17   Next: 89%
MP:   1/45          EV: 17    Int: 21 (22) God:    Vehumet [*****.]
Gold: 2590          SH:  0    Dex: 23 (24) Spells: 21/46 levels left

rFire   + + .        T - staff of air
rCold   x . .        (no shield)
rNeg    . . .        C - +2 robe "Baun" {Rampage Stlth+}
rPois   +            (helmet restricted)
rElec   +            z - +2 cloak "Useo" {rF+ Dex+8 Stlth+}
rCorr   .            (gloves unavailable)
SInv    .            (boots unavailable)
Will    +....        Y - amulet of the acrobat
Stlth   ++++++       N - ring "Oce Goin" {Fly rF+ rC- MP+9 Dex+7}
HPRegen 0.47/turn    X - ring of poison resistance
MPRegen 0.29/turn

%: acrobat, rampage
@: about to teleport, flying, slowed, lightly drained, very slow
A: large, unfitting armour, tough skin 1
a: Renounce Religion


You were on level 3 of the Spider Nest.
You worshipped Vehumet.
Vehumet was extremely pleased with you.
You visited 5 branches of the dungeon, and saw 26 of its levels.
You also visited: Gauntlet.

You collected 2876 gold pieces.
You spent 286 gold pieces at shops.

Inventory:

Hand Weapons
 j - a +0 demon whip of venom
 u - a +0 mace
 E - a +0 mace of holy wrath
 S - a +0 dire flail
 U - a +2 halberd of flaming
Missiles
 f - 2 throwing nets
Armour
 a - a +0 troll leather armour
 m - a +2 kite shield
 z - the +2 cloak "Useo" (worn) {rF+ Dex+8 Stlth+}
   (You found it in a Gauntlet)

   Dex:       It affects your dexterity (+8).
   rF:        It protects you from fire.
   Stlth:     It makes you more stealthy.
 A - the +1 robe of Pemefism {+Blink}
   (You found it on level 4 of the Dungeon)

   +Blink:    It lets you blink.
 C - the +2 robe "Baun" (worn) {Rampage Stlth+}
   (You found it on level 5 of the Dungeon)

   Rampage:   It bestows one free step when moving towards enemies.
   Stlth:     It makes you more stealthy.
Magical Staves
 T - a staff of air (weapon)
Jewellery
 b - an amulet of regeneration
 n - a ring of protection from fire
 t - a ring of see invisible
 v - a ring of protection from cold
 D - a ring of see invisible
 N - the ring "Oce Goin" (left hand) {Fly rF+ rC- MP+9 Dex+7}
   (You found it in a Gauntlet)

   [ring of magical power]

   Dex:       It affects your dexterity (+7).
   rF:        It protects you from fire.
   rC:        It makes you vulnerable to cold.
   MP:        It affects your magic capacity (+9).
   Fly:       It grants you flight.
 R - a ring of willpower
 X - a ring of poison resistance (right hand)
 Y - an amulet of the acrobat (around neck)
 Z - the ring "Fiso" {Will+ Slay+2}
   (You found it on level 5 of the Lair of Beasts)

   [ring of willpower]

   Slay:      It affects your accuracy & damage with ranged weapons and melee
   (+2).
   Will:      It increases your willpower.
Wands
 i - a wand of acid (9)
 y - a wand of charming (18)
 F - a wand of roots (10)
 L - a wand of flame (38)
 O - a wand of mindburst (2)
Scrolls
 c - 2 scrolls of enchant armour
 g - 3 scrolls of immolation
 l - 2 scrolls of summoning
 p - 8 scrolls of enchant weapon
 r - 3 scrolls of brand weapon
 s - 2 scrolls of silence
 x - 6 scrolls of fog
 J - 3 scrolls of magic mapping
 K - 5 scrolls of poison
 Q - a scroll of teleportation
 W - a scroll of torment
Potions
 d - 8 potions of flight
 e - 10 potions of heal wounds
 h - 2 potions of brilliance
 k - 8 potions of curing
 o - 4 potions of lignification
 q - 15 potions of mutation
 w - a potion of haste
 B - 2 potions of invisibility
 G - a potion of attraction
 I - 3 potions of might
 M - 2 potions of cancellation
 P - a potion of magic
 V - 5 potions of resistance


   Skills:
 + Level 11.9 Fighting
 - Level 5.0 Staves
 + Level 9.3 Dodging
 - Level 8.0 Stealth
 - Level 15.0 Spellcasting
 - Level 14.0 Conjurations
 - Level 4.6 Summonings
 - Level 5.0 Fire Magic
 - Level 14.0 Air Magic


You had 21 spell levels left.
You knew the following spells:

 Your Spells              Type           Power      Damage    Failure   Level
a - Shock                 Conj/Air       100%       1d9       0%          1
b - Static Discharge      Conj/Air       100%       2-7/arc   0%          2
c - Swiftness             Air            84%        N/A       1%          3
d - Airstrike             Air            42%        2d(6-22)  1%          4
e - Summon Lightning Spi  Summ/Air       70%        N/A       1%          4
f - Arcjolt               Conj/Air       42%        1d52      1%          5
g - Plasma Beam           Fire/Air       35%        2x1d53    3%          6

Your spell library contained the following spells:

 Spells                   Type           Power      Damage    Failure   Level
 Yara's Violent Unravell  Hex/Tmut       7%         3d5       26%         5
 Cigotuvi's Dreadful Rot  Necr/Pois/Air  100%       N/A       1%          2
 Momentum Strike          Conj/Tloc      90%        3d10      1%          2
 Poisonous Vapours        Pois/Air       100%       N/A       1%          2
 Dazzling Flash           Conj/Hex       90%        N/A       1%          3
 Ignite Poison            Fire/Tmut/Pois 22%        N/A       1%          3
 Inner Flame              Hex/Fire       26%        N/A       1%          3
 Mephitic Cloud           Conj/Pois/Air  70%        N/A       1%          3
 Vhi's Electric Charge    Tloc/Air       100%       N/A       1%          3
 Volatile Blastmotes      Fire/Tloc      52%        2d14      1%          3
 Flame Wave               Conj/Fire      53%        2d13      1%          4
 Iskenderun's Mystic Bla  Conj/Tloc      45%        2d10      1%          4
 Sticky Flame             Conj/Fire      53%        2d7       1%          4
 Freezing Cloud           Conj/Ice/Air   35%        6-21      1%          5
 Irradiate                Conj/Tmut      22%        3d19      1%          5
 Starburst                Conj/Fire      26%        6d8       3%          6
 Summon Guardian Golem    Hex/Summ       25%        N/A       4%          3
 Blink                    Tloc           30%        N/A       6%          2
 Lesser Beckoning         Tloc           30%        N/A       6%          2
 Sublimation of Blood     Necr           15%        N/A       6%          2
 Ozocubu's Armour         Ice            15%        N/A       12%         3
 Anguish                  Hex/Necr       7%         N/A       36%         4
 Petrify                  Tmut/Erth      15%        N/A       36%         4
 Summon Mana Viper        Hex/Summ       25%        N/A       38%         5
 Metabolic Englaciation   Hex/Ice        7%         N/A       71%         5
 Simulacrum               Ice/Necr       7%         N/A       99%         6


Dungeon Overview and Level Annotations

Branches:
Dungeon (15/15)            Temple (1/1) D:5            Lair (5/5) D:10
  Swamp (0/4) Lair:3       Spider (3/4) Lair:3        Slime (0/5) Lair:4
    Orc (2/2) D:11            Elf (0/3) Orc:2        Vaults (0/5) D:14
 Depths (0/4) D:15        Gauntlet (visited)

Altars:
Ashenzari
Cheibriados
Dithmenos
Elyvilon
Fedhas
Gozag
Hepliaklqana
Kikubaaqudgha
Makhleb
Nemelex Xobeh
Okawaru
Qazlal
Ru
Sif Muna
Trog
Uskayaw
Vehumet
Wu Jian
Xom
Yredelemnul
Zin
The Shining One
Jiyva

Shops:
D:7 (   Orc:2 [(*(

Annotations:
D:4 Edmund
D:5 exclusion: statue
D:6 2 transporters
D:8 Erica
D:11 3 runed translucent doors, exclusion: two-headed ogre, monsoonserge's ghost, journeyman TrFi
D:13 Nessos
Lair:1 2 transporters, Fractals's ghost, novice BaFi
Lair:3 3 runed translucent doors, viagra's ghost, journeyman MiBe
Orc:1 2 transporters, alumie's ghost, journeyman MiBe


Innate Abilities, Weirdness & Mutations

You are too large for most types of armour.
You have tough skin. (AC +1)


Message History

The demonic crawler hits you!
The demonic crawler completely misses you.
The demonic crawler hits you.
You feel you are being watched by something.
You feel your power leaking away.
As you read the scroll of teleportation, it crumbles to dust.
You feel strangely unstable. The demonic crawler hits you!
The demonic crawler completely misses you.
The demonic crawler hits you! Something hits you but does no damage.
Something hits you!
You feel clumsy. Something stings you!
You feel dopey. The demonic crawler closely misses you.
The demonic crawler barely misses you. The demonic crawler misses you.
The demonic crawler attacks as you move away!
The demonic crawler barely misses you. The demonic crawler hits you!
* * * LOW HITPOINT WARNING * * *
The demonic crawler misses you.
You feel you are being watched by something. x2
Something completely misses you. x2; Something barely misses you.
Your surroundings suddenly seem different.
A pharaoh ant, a torpor snail and a steelbarb worm come into view.
The torpor snail bites you!
* * * LOW HITPOINT WARNING * * *
Being near the torpor snail leaves you feeling lethargic.
As you read the scroll of teleportation, it crumbles to dust.
You feel strangely unstable.
The pharaoh ant bites you but does no damage.
The steelbarb worm barely misses you. The pharaoh ant bites you!!
* * * LOW HITPOINT WARNING * * *
You feel drained.
* * * LOW HITPOINT WARNING * * *
The steelbarb worm closely misses you.
Unknown command.
As you read the scroll of fear, it crumbles to dust.
You assume a fearsome visage.
The pharaoh ant is unaffected.
The torpor snail looks frightened!
The steelbarb worm looks frightened!
The pharaoh ant bites you!!
You die...

##.....
.#...##
###.. #
#.. # #
### #
.^#####.#
#
#.....wB#
#
#^...w@#
..#
##.#####
#^.# ##..
.. #####


You could see a steelbarb worm (fleeing), a torpor snail (fleeing) and a pharaoh
ant.

Vanquished Creatures
  Arachne (Spider:2)
  An azure jelly (Lair:5)
  2 emperor scorpions
  A ghost moth (Spider:1)
  A very ugly thing (D:15)
  A minotaur (Gauntlet)
  2 spark wasps (Spider:2)
  4 entropy weavers
  3 hydras
  Erolcha (D:13)
  A rakshasa (D:15)
  An ogre mage (Orc:2)
  2 catoblepae
  A jorogumo (Spider:2)
  4 radroaches
  4 centaur warriors
  A death knight (D:14)
  A boulder beetle (Spider:3)
  6 two-headed ogres (Orc:2)
  8 death yaks
  Urug (Lair:3)
  Sonja (D:11)
  5 pharaoh ants
  A sun moth (Spider:2)
  Lodul (D:11)
  7 orb spiders
  2 deep trolls (Orc:2)
  6 bog bodies (Lair:3)
  A glowing orange brain (D:15)
  5 deep elf pyromancers
  4 steelbarb worms
  15 ugly things
  A lindwurm (shapeshifter) (D:15)
  4 manticores
  10 wolf spiders
  An orc sorcerer (Orc:1)
  3 cyclopes
  A moth of wrath (Spider:1)
  10 elephants (Lair:5)
  2 black mambas
  Joseph (Lair:1)
  2 gargoyles (D:12)
  5 demonic crawlers
  3 torpor snails
  A cane toad (shapeshifter) (D:14)
  14 cane toads
  An orange demon (D:11)
  3 rime drakes
  8 komodo dragons
  A freezing wraith (D:14)
  9 trolls
  2 polar bears (Lair:5)
  5 meliai
  11 tarantellas
  Prince Ribbit (D:7)
  Grinder (D:6)
  A blink frog (Lair:5)
  4 slime creatures
  6 wraiths
  10 jumping spiders
  6 shadows
  12 culicivoras
  19 yaks
  3 centaur simulacra (Gauntlet)
  2 vampires (D:12)
  5 wyverns
  Grum (D:11)
  3 basilisks
  9 vampire mosquitoes
  38 redbacks
  4 wargs
  A steam dragon (D:6)
  2 swamp worms (Gauntlet)
  2 acid dragons
  15 water moccasins
  A meliai simulacrum (Gauntlet)
  11 orc warriors
  2 black bears
  2 ice beasts
  23 ogres
  2 sky beasts
  6 wolves
  4 centaurs
  2 phantoms
  3 kobold brigands
  22 bullfrogs
  8 scorpions
  6 wights
  17 killer bees
  An electric eel (Lair:3)
  6 howler monkeys
  A wyvern simulacrum (Gauntlet)
  5 jellies
  21 orc priests
  Crazy Yiuf (D:3)
  8 hounds
  2 gnoll boudas (D:6)
  2 sleepcaps (D:5)
  19 orc wizards
  3 iguanas (D:5)
  11 gnolls
  10 adders
  2 shadow imps
  A white imp (D:6)
  An ufetubus (D:6)
  3 worms
  5 dart slugs
  53 orcs
  5 bats
  8 endoplasms
  3 giant cockroaches
  11 goblins
  9 hobgoblins
  7 jackals
  22 kobolds
  2 quokkas
  10 ball pythons
  5 frilled lizards
  2 rats (D:2)
686 creatures vanquished.

Vanquished Creatures (collateral kills)
  An ogre mage (Orc:2)
  A vault guard (D:14)
  3 hydras
  3 death yaks
  A deep troll shaman (Lair:5)
  3 two-headed ogres
  Amaemon (D:11)
  A sun moth (Spider:2)
  A lindwurm (Lair:5)
  2 ugly things
  A cyclops (Orc:2)
  6 elephants (Lair:5)
  A manticore (D:14)
  A kobold demonologist (D:12)
  A komodo dragon (Lair:4)
  A meliai (D:14)
  3 trolls
  2 blink frogs (Lair:5)
  2 jumping spiders (Spider:1)
  A slime creature (Lair:5)
  2 culicivoras (Spider:1)
  18 yaks
  A basilisk (Lair:4)
  4 redbacks
  2 vampire mosquitoes (D:11)
  A warg (D:10)
  A water moccasin (Lair:3)
  6 orc warriors
  2 black bears
  10 ogres
  5 wolves
  A bullfrog (D:9)
  A gnoll sergeant (D:9)
  A scorpion (Lair:3)
  A wight (D:10)
  3 killer bees
  4 orc priests
  2 hounds (D:9)
  2 orc wizards
  3 gnolls (D:9)
  A worm (Lair:3)
  11 orcs
  A giant cockroach (Lair:3)
  2 hobgoblins (D:9)
  4 kobolds
125 creatures vanquished.

Grand Total: 811 creatures vanquished

Notes
Turn   | Place    | Note
-------+----------+-------------------------------------------
     0 | D:1      | Woods the Ogre Air Elementalist began the quest for the
                  | Orb.
     0 | D:1      | Reached XP level 1. HP: 16/16 MP: 3/3
    69 | D:1      | Reached skill level 1 in Conjurations
   267 | D:1      | Reached XP level 2. HP: 24/24 MP: 3/5
   720 | D:1      | Reached XP level 3. HP: 31/31 MP: 0/7
   922 | D:1      | Reached skill level 3 in Spellcasting
  1574 | D:2      | Reached XP level 4. HP: 39/39 MP: 3/9
  1678 | D:2      | Found a faded altar of an unknown god.
  2790 | D:3      | Got Dowufou's Precepts of Ozone and Nonlocality
  3081 | D:3      | Reached XP level 5. HP: 45/45 MP: 6/10
  3503 | D:3      | Found a runed translucent door.
  3504 | D:3      | Noticed Crazy Yiuf
  3686 | D:3      | Learned a level 2 spell: Static Discharge
  3690 | D:3      | Learned a level 3 spell: Swiftness
  3713 | D:3      | Killed Crazy Yiuf
  3714 | D:3      | Reached skill level 4 in Spellcasting
  4240 | D:4      | Noticed a phantom
  4241 | D:4      | Reached XP level 6. HP: 53/53 MP: 9/12
  4942 | D:4      | Identified the +1 robe of Pemefism {+Blink}
  4989 | D:4      | Noticed Edmund
  5305 | D:4      | Reached skill level 5 in Spellcasting
  5415 | D:5      | Entered Level 5 of the Dungeon
  5432 | D:5      | Reached XP level 7. HP: 50/59 MP: 1/14
  5551 | D:5      | Found a shimmering blue altar of Sif Muna.
  5570 | D:5      | Identified the +2 robe "Baun" {Rampage Stlth+}
  5624 | D:5      | Found a radiant altar of Vehumet.
  5628 | D:5      | Became a worshipper of Vehumet
  5843 | D:5      | Found an ornate altar of the Wu Jian Council.
  6030 | D:5      | Found a staircase to the Ecumenical Temple.
  6060 | Temple   | Entered the Ecumenical Temple
  7591 | D:6      | Reached XP level 8. HP: 60/67 MP: 9/15
  7742 | D:6      | Learned a level 4 spell: Airstrike
  7795 | D:6      | Reached skill level 5 in Air Magic
  7862 | D:6      | Found a transporter.
  8150 | D:6      | Found a snail-covered altar of Cheibriados.
  8529 | D:6      | Found a transporter.
  8830 | D:6      | Reached * piety under Vehumet
  8830 | D:6      | Offered knowledge of Magic Dart by Vehumet.
  8869 | D:6      | Noticed Grinder
  9041 | D:6      | Reached XP level 9. HP: 74/74 MP: 6/16
  9171 | D:6      | Found a hide-covered altar of Uskayaw.
  9183 | D:6      | Killed Grinder
  9184 | D:6      | Reached skill level 5 in Dodging
  9591 | D:7      | Reached skill level 5 in Conjurations
  9697 | D:6      | HP: 3/75 [poisoned by a killer bee]
  9699 | D:6      | Reached skill level 1 in Fighting
 10574 | D:7      | Reached skill level 5 in Stealth
 10692 | D:7      | Noticed Prince Ribbit
 10726 | D:7      | Reached skill level 6 in Spellcasting
 11262 | D:7      | Killed Prince Ribbit
 11344 | D:7      | Reached XP level 10. HP: 91/91 MP: 10/20
 11345 | D:7      | Found Difiust's Weapon Shop.
 11527 | D:8      | Reached skill level 7 in Spellcasting
 12203 | D:8      | Found a stormy altar of Qazlal.
 12397 | D:8      | Reached ** piety under Vehumet
 12397 | D:8      | Offered knowledge of Searing Ray by Vehumet.
 12595 | D:8      | Found a sacrificial altar of Ru.
 12631 | D:8      | Noticed Erica
 12793 | D:7      | Learned a level 4 spell: Summon Lightning Spire
 12803 | D:7      | Reached skill level 8 in Spellcasting
 12978 | D:8      | Reached skill level 5 in Fighting
 14518 | D:9      | Reached XP level 11. HP: 102/102 MP: 3/23
 14651 | D:9      | Reached skill level 9 in Spellcasting
 14917 | D:9      | Offered knowledge of Dazzling Flash by Vehumet.
 15145 | D:9      | Reached *** piety under Vehumet
 15247 | D:9      | Got the Secrets of Bewitchment
 15367 | D:9      | Offered knowledge of Iskenderun's Mystic Blast by Vehumet.
 15436 | D:9      | Reached skill level 1 in Summonings
 15566 | D:9      | Found a white marble altar of Elyvilon.
 15733 | D:9      | Found a hazy altar of Hepliaklqana.
 15907 | D:10     | Entered Level 10 of the Dungeon
 16189 | D:10     | Noticed a centaur warrior
 16196 | D:10     | Killed a centaur warrior
 17455 | D:10     | Found a staircase to the Lair.
 18843 | D:11     | Noticed Amaemon
 18844 | D:11     | Noticed a manticore
 18845 | D:11     | Noticed Lodul
 19385 | D:11     | Reached **** piety under Vehumet
 19461 | D:11     | Noticed Sonja
 19513 | D:11     | Killed Sonja
 19561 | D:11     | Learned a level 5 spell: Arcjolt
 19568 | D:11     | Learned a level 6 spell: Plasma Beam
 19821 | D:11     | Noticed a two-headed ogre
 19850 | D:11     | Found a runed translucent gate.
 19859 | D:11     | Found a runed translucent gate.
 19860 | D:11     | Found a runed translucent gate.
 19864 | D:11     | Noticed monsoonserge's ghost (journeyman TrFi)
 19975 | D:11     | Reached skill level 1 in Fire Magic
 19975 | D:11     | Reached XP level 12. HP: 111/111 MP: 12/25
 20076 | D:11     | Killed Amaemon
 21667 | D:11     | Noticed Grum
 21978 | D:11     | Killed Grum
 22248 | D:11     | Found a staircase to the Orcish Mines.
 22453 | D:11     | Offered knowledge of Hailstorm by Vehumet.
 22607 | D:11     | Killed Lodul
 22856 | D:11     | Upgraded the game from 0.30.0-29-ga12c61a403 to
                  | 0.30.0-30-g96aa6591b8
 23243 | D:12     | Reached skill level 10 in Air Magic
 23543 | D:12     | Reached skill level 1 in Staves
 24313 | Lair:1   | Entered Level 1 of the Lair of Beasts
 24686 | Lair:1   | Reached skill level 5 in Fire Magic
 24870 | Lair:1   | Found a transporter.
 24880 | Lair:1   | Found a bloodstained altar of Trog.
 24880 | Lair:1   | Noticed Fractals's ghost (novice BaFi)
 24893 | Lair:1   | Noticed Joseph
 24900 | Lair:1   | Killed Joseph
 25086 | Lair:1   | Found a transporter.
 25513 | Lair:2   | Reached XP level 13. HP: 118/118 MP: 13/26
 25594 | Lair:2   | Found an ornate altar of the Wu Jian Council.
 27201 | Lair:3   | You fall into a shaft and drop 2 floors!
 27201 | Lair:5   | Entered Level 5 of the Lair of Beasts
 27725 | Lair:5   | Reached skill level 5 in Staves
 27869 | Lair:5   | Reached ***** piety under Vehumet
 28208 | Lair:5   | Offered knowledge of Fireball by Vehumet.
 28512 | Lair:5   | Noticed an azure jelly
 29042 | Lair:3   | Found a hole to the Spider Nest.
 29276 | Lair:3   | Found a runed translucent gate.
 29276 | Lair:3   | Found a runed translucent gate.
 29277 | Lair:3   | Found a runed translucent gate.
 29278 | Lair:3   | Noticed viagra's ghost (journeyman MiBe)
 29625 | Lair:3   | Noticed Urug
 29633 | Lair:3   | Killed Urug
 30211 | Lair:3   | Reached skill level 10 in Spellcasting
 30298 | Lair:3   | Reached XP level 14. HP: 133/133 MP: 19/28
 30472 | Lair:3   | Found a staircase to the Swamp.
 31129 | Lair:4   | Found a staircase to the Slime Pits.
 31129 | Lair:4   | Found a viscous altar of Jiyva.
 32864 | Lair:5   | Killed an azure jelly
 33440 | Lair:5   | Reached skill level 11 in Spellcasting
 34384 | Lair:5   | Identified the ring "Fiso" {Will+ Slay+2}
 34500 | Lair:5   | Reached skill level 10 in Fighting
 34500 | Lair:5   | Reached skill level 10 in Conjurations
 35081 | Orc:1    | Entered Level 1 of the Orcish Mines
 35384 | Orc:1    | Noticed alumie's ghost (journeyman MiBe)
 35394 | Orc:1    | Found a transporter.
 35412 | Orc:1    | Found a transporter.
 36256 | Orc:2    | Entered Level 2 of the Orcish Mines
 37090 | Orc:2    | Reached skill level 12 in Spellcasting
 37116 | Orc:2    | Offered knowledge of Freezing Cloud by Vehumet.
 37364 | Orc:2    | Reached XP level 15. HP: 149/149 MP: 20/31
 38811 | Orc:2    | Found a staircase to the Elven Halls.
 39183 | Orc:2    | Found Horiat's Antique Armour Shoppe.
 39184 | Orc:2    | Found Aleryvapp's Antique Weapon Emporium.
 39189 | Orc:2    | Found Disypyaqo's General Store.
 39198 | Orc:2    | Found Qiaczaocw's Antique Weapon Shoppe.
 39202 | Orc:2    | Bought a potion of haste for 130 gold pieces
 39202 | Orc:2    | Bought a potion of might for 52 gold pieces
 39202 | Orc:2    | Bought a potion of mutation for 104 gold pieces
 39845 | D:13     | Found a gate leading to a gauntlet.
 39861 | Gauntlet | Entered a Gauntlet
 39861 | Gauntlet | Found a transporter.
 39861 | Gauntlet | Found a transporter.
 39864 | Gauntlet | Found a transporter.
 39867 | Gauntlet | Found a transporter.
 39870 | Gauntlet | Found a transporter.
 39884 | Gauntlet | Found a transporter.
 39891 | Gauntlet | Found a transporter.
 39926 | Gauntlet | Found a transporter.
 39929 | Gauntlet | Found a transporter.
 39929 | Gauntlet | Found a transporter.
 39940 | Gauntlet | Found a transporter.
 39955 | Gauntlet | Found a runed translucent gate.
 39956 | Gauntlet | Found a transporter.
 39956 | Gauntlet | Found a runed translucent gate.
 39957 | Gauntlet | Found a runed translucent gate.
 39966 | Gauntlet | Found a transporter.
 39971 | Gauntlet | Found a transporter.
 40221 | Gauntlet | Identified the +2 cloak "Useo" {rF+ Dex+8 Stlth+}
 40398 | Gauntlet | Reached skill level 13 in Spellcasting
 40423 | Gauntlet | Identified the ring "Oce Goin" {Fly rF+ rC- MP+9 Dex+7}
 40909 | Gauntlet | Identified the +3 dagger of Xom's Hope {heavy, Will+ Str+2
                  | Int+3}
 40987 | D:13     | Identified the +6 shortbow of Dissolution {drain, rElec rC-
                  | Str+3 Int+3}
 41161 | D:13     | Noticed Erolcha
 41168 | D:13     | Killed Erolcha
 41379 | D:13     | Noticed Nessos
 43125 | D:14     | Reached skill level 14 in Spellcasting
 43125 | D:14     | Reached XP level 16. HP: 158/158 MP: 34/34
 43494 | D:14     | Found an ornate altar of the Wu Jian Council.
 43598 | D:14     | Found a gate to the Vaults.
 43722 | D:15     | Entered Level 15 of the Dungeon
 44103 | D:15     | Offered knowledge of Eringya's Noxious Bog by Vehumet.
 44759 | D:15     | Reached skill level 15 in Spellcasting
 45385 | D:15     | Found a staircase to the Depths.
 45610 | Spider:1 | Entered Level 1 of the Spider Nest
 45613 | Spider:1 | Reached XP level 17. HP: 166/166 MP: 36/36
 46877 | Spider:2 | Noticed Arachne
 47372 | Spider:2 | Killed Arachne
 47705 | Spider:1 | Offered knowledge of Yara's Violent Unravelling by Vehumet.
 51218 | Spider:3 | Slain by a pharaoh ant

Illustrated notes

Levels and vault maps discovered:
D:1:      dpeg_arrival_orchard, layout_loops_ring, serial_glass,
          glass_columns_a, glass_columns_c, due_unseen_surprise,
          hangedman_decor_push, minmay_hexomino_p4
D:2:      layout_basic, dilly_ecumenical_altar_fadedgnrine
D:3:      layout_basic, uniq_crazy_yiuf_cottage
D:4:      cheibrodos_barr_body, layout_cave_pods, uniq_edmund
D:5:      layout_cave_pods, lemuel_crystal_altar, vehumet_statue,
          mainiacjoe_overflow_chevrons, minmay_temple_entry_large_hall
D:6:      gammafunk_steamed_eel, layout_basic, kennysheep_little_box,
          nicolae_overflow_crystal_walls, hex_intersection, uniq_grinder
D:7:      layout_rooms, serial_shops, nicolae_shop_tiny_statue_garden,
          uniq_prince_ribbit1
D:8:      layout_rooms, nicolae_ru_sacrificial_ziggurat, general_overflow_altar,
          uniq_erica
D:9:      kennysheep_housing_project, layout_rooms,
          nicolae_hepliaklqana_hippocampus, lemuel_round_altar
D:10:     layout_stronghold, erik_lair_orcish_takeover, serial_bayou,
          serial_bayou_pond_b, serial_bayou_shore_b, serial_bayou_crossing
D:11:     layout_loops_corners, david_orc_4, gammafunk_ghost_spectres,
          uniq_grum, uniq_amaemon, uniq_lodul, uniq_sonja
D:12:     kennysheep_ambush_hall, layout_cave_pools, serial_park_tiny_1
D:13:     layout_roguey, gauntlet_entry_generic, uniq_nessos, uniq_erolcha
D:14:     layout_stronghold, david_vaults_5, nicolae_wu_jian_immortal_techniques
D:15:     gammafunk_enter_depths_forms, layout_loops_ring, glass_columns_a
Temple:   nicolae_temple_ecumenical_triangle
Lair:1:   layout_cellular_growth, gammafunk_ghost_wrathful_warriors,
          chequers_serial_rivers_micro_e, chequers_serial_rivers_large_a,
          uniq_joseph
Lair:2:   layout_gridlike, basic_altar, small_statue_intersection,
          grunt_megastairs_3
Lair:3:   layout_hall_layers, nicolae_swamp_entry_splash_gauntlet,
          nicolae_spider_entry_non_spiders, gammafunk_ghost_split,
          minmay_hedge_maze, grunt_megastairs_4, uniq_urug
Lair:4:   layout_concentric_octagons, slime_entry_1, minivault_26,
          grunt_forest_small_clearing_treed, lemuel_fruit_fields,
          grunt_megastairs_5
Lair:5:   grunt_lair_end_beastmaster, layout_long_grid,
          hangedman_lair_unloving_vines, nicolae_lair_time_for_slime
Spider:1: layout_spider_delve
Spider:2: layout_spider_delve, nicolae_spider_wall_of_niches, uniq_arachne
Spider:3: layout_spider_delve, drop_trap
Orc:1:    layout_caves, gammafunk_ghost_stat_death
Orc:2:    st_orc_open, layout_diamond_mine

Skill      XL: |  1  2  3  4  5  6  7  8  9 10 11 12 13 14 15 16 17 |
---------------+----------------------------------------------------+-----
Conjurations   | 1 2 3 4 5 6 9 10 11 14 | 14.0
Dodging        | 2 3 4 5 6 8 9 |  9.3
Spellcasting   | 3 4 5 6 8 9 10 12 14 15 | 15.0
Air Magic      | 3 4 5 7 8 9 10 12 13 14 | 14.0
Stealth        | 2 3 4 5 7 8 |  8.0
Fighting       | 3 5 7 10 11 | 11.9
Summonings     | 4 |  4.6
Fire Magic     | 1 5 |  5.0
Staves         | 3 5 |  5.0

Action                     |  1- 3 |  4- 6 |  7- 9 | 10-12 | 13-15 | 16-18 || total
---------------------------+-------+-------+-------+-------+-------+-------++-------
  Melee: Unarmed           |    42 |     4 |       |       |       |       ||    46
         Mace              |       |    23 |    40 |    62 |       |       ||   125
         Punch             |       |     1 |       |       |       |     1 ||     2
         Demon whip        |       |       |       |    22 |       |       ||    22
         Staff             |       |       |       |       |    28 |    11 ||    39
   Cast: Shock             |    63 |   117 |    54 |    37 |     2 |       ||   273
         Static Discharge  |       |    31 |    80 |   114 |     4 |     1 ||   230
         Swiftness         |       |     2 |     3 |     5 |     2 |     1 ||    13
         Airstrike         |       |       |    47 |   202 |   339 |    44 ||   632
         Summon Lightning  |       |       |       |    57 |    68 |    22 ||   147
         Arcjolt           |       |       |       |    13 |    24 |    39 ||    76
         Plasma Beam       |       |       |       |     1 |   102 |   156 ||   259
    Use: Scroll            |       |       |     5 |    10 |    14 |     7 ||    36
         Potion            |       |       |     4 |     4 |     1 |     2 ||    11
   Stab: Sleeping          |       |       |     4 |     1 |       |       ||     5
         Distracted        |       |       |     1 |     2 |       |       ||     3
 Armour: Robe              |    16 |    25 |    49 |   100 |    30 |    35 ||   255
         Skin              |       |       |       |    69 |       |       ||    69
  Dodge: Dodged            |    35 |    35 |    70 |   189 |    59 |   157 ||   545
